Cogmind - Beta 11 @@@ ROGUE MODE // 2022.04.05 @ 14:34:50 Player: Root Result: Self-destructed Performance ------------- Evolutions (2) 1000 Regions Visited (5) 1000 Robots Destroyed (28) 140 Value Destroyed (668) 668 Prototype IDs (5) 100 Alien Tech Used (0) 0 Bonus (148) 148 TOTAL SCORE: 3056 Bonus ------- Follower Combat Kills 39 Aligned with FarCom 300 Friendly Fire -191 Cogmind --------- Core Integrity 532/550 Matter 300/300 Energy 75/350 System Corruption 13% Temperature Critical (524) Movement Core (500) Ox9 Location -8/Materials Parts ------- > --- POWER (1) -------- (None) > --- PROPULSION (2) --- Improved Treads > --- UTILITY (4) ------ Medium Storage Unit High-capacity Battery > --- WEAPON (4) ------- Medium Laser Particle Gun Latent Energy Streamer > --- INVENTORY (10) --- Light Ion Engine Light Ion Engine Light Nuclear Core Improved Treads Improved Treads Improved Heat Sink Medium Armor Plating Lightning Gun Lightning Gun Lightning Gun Peak State ------------ > --- POWER ------------ Makeshift Power Source > --- PROPULSION ------- Improved Treads Improved Treads > --- UTILITY ---------- Medium Storage Unit High-capacity Battery Medium Armor Plating Improved Light Armor Plating > --- WEAPON ----------- Lightning Gun Medium Laser Particle Gun Latent Energy Streamer > --- INVENTORY -------- Light Ion Engine Light Ion Engine Light Nuclear Core Improved Treads Improved Treads Improved Heat Sink Light Armor Plating Medium Armor Plating Lightning Gun Lightning Gun [Rating: 34] Favorites ----------- Power Light Ion Engine Engine Light Ion Engine Propulsion Improved Treads Treads Improved Treads Utility Medium Storage Unit Storage Medium Storage Unit Protection Medium Armor Plating Weapon Medium Laser Energy Gun Medium Laser Energy Cannon Latent Energy Streamer Launcher Grenade Launcher Build | -11 -10 -10 -10 -9 -8 ------- Run | Scr Mat Min Exi Min Mat Slots Evolved 4 | . . . . . 4 Power . | . . . . . . Propulsion . | . . . . . . Utility 2 | . . . . . 2 Weapon 2 | . . . . . 2 Parts Attached 31 | 6 9 . 4 5 7 Power 5 | 1 2 . . 1 1 Engine 5 | 1 2 . . 1 1 Core . | . . . . . . Reactor . | . . . . . . Propulsion 4 | 2 2 . . . . Treads 4 | 2 2 . . . . Leg . | . . . . . . Wheel . | . . . . . . Hover . | . . . . . . Flight . | . . . . . . Utility 7 | 1 2 . . 1 3 Device . | . . . . . . Storage 3 | 1 1 . . . 1 Processor . | . . . . . . Hackware . | . . . . . . Protection 4 | . 1 . . 1 2 Artifact . | . . . . . . Weapon 15 | 2 3 . 4 3 3 Energy Gun 10 | 2 2 . 2 2 2 Energy Cannon 4 | . . . 2 1 1 Ballistic Gun . | . . . . . . Ballistic Cannon . | . . . . . . Launcher 1 | . 1 . . . . Special Weapon . | . . . . . . Impact Weapon . | . . . . . . Slashing Weapon . | . . . . . . Piercing Weapon . | . . . . . . Special Melee Weapon . | . . . . . . Unidentified Prototypes 3 | . . . 2 . 1 Parts Lost 10 | . 1 . . 3 6 Power 2 | . 1 . . . 1 Propulsion 1 | . . . . . 1 Utility 4 | . . . . 1 3 Weapon 3 | . . . . 2 1 Highest Loss Streak 4 | . 1 . . 3 4 To Critical Strikes 1 | . . . . 1 . Average Slot Usage (%) 95 | . 92 100 99 99 90 Engine 12 | . 14 14 14 14 8 Treads 25 | . 27 28 28 28 17 Storage 14 | . 14 14 14 14 18 Protection 12 | . 7 14 14 14 17 Energy Gun 25 | . 27 28 27 26 18 Energy Cannon 1 | . . . . . 9 Naked Turns . | . . . . . . Heaviest Build 47 | 11 25 24 32 33 47 Greatest Support 46 | 40 46 46 46 46 46 Greatest Overweight (x) 1 | 1 . . . . 1 Average Overweight (x) . | . . . . . . Largest Inventory Capacity 10 | 8 10 10 10 10 10 Average Capacity 9 | 7 9 10 10 10 10 Most Carried 10 | 2 10 10 10 10 10 Average Carried 8 | 1 8 10 9 8 7 Final Capacity 10 | 8 10 10 10 10 10 Final Carried 10 | 2 10 10 10 9 10 Class Distribution -------------------- 95% | Mutant 4% | Tank Dominant Class ---------------- Mutant | -10/Materials Mutant | -10/Mines Mutant | -10/Exiles Mutant | -9/Mines Mutant | -8/Materials Resources | -11 -10 -10 -10 -9 -8 ----------- Run | Scr Mat Min Exi Min Mat Matter Collected 544 | 182 170 22 . 86 84 Remotely . | . . . . . . Salvage Created 944 | . 260 . . 110 574 Parts 66 | . 32 . . 6 28 Haulers Intercepted 2 | . . . . . 2 Recyclers Shooed 1 | . 1 . . . . Parts Field Recycled . | . . . . . . Retrieved Matter . | . . . . . . Parts Self-Destructed . | . . . . . . Prevented . | . . . . . . Kills | -11 -10 -10 -10 -9 -8 ------- Run | Scr Mat Min Exi Min Mat Combat Hostiles Destroyed 24 | . 12 . . 5 7 Melee 2 | . . . . 2 . Guns 15 | . 9 . . 3 3 Cannons 1 | . . . . . 1 AOE 6 | . 3 . . . 3 Classes Destroyed 9 | . 3 . . 3 3 Worker 1 | . . . . . 1 Builder 1 | . . . . 1 . Hauler 2 | . . . . . 2 Watcher 2 | . 2 . . . . Swarmer 10 | . 9 . . . 1 Grunt 10 | . 3 . . 1 6 Duelist 1 | . . . . 1 . Sentry 1 | . . . . . 1 Assembled 3 | . . . . 3 . Best Kill Streak 5 | . 5 . . 3 5 Combat Bots Only 4 | . 4 . . 3 4 Max Kills in Single Turn 4 | . 4 . . 1 3 Gunslinging . | . . . . . . Exploded 3 | . 3 . . . 1 Melee 1 | . . . . 1 . Uniques/NPCs Destroyed . | . . . . . . Combat | -11 -10 -10 -10 -9 -8 -------- Run | Scr Mat Min Exi Min Mat Damage Taken 1292 | . 288 . . 526 478 Core 61 | . 6 . . 37 18 Absorbed by Shields . | . . . . . . Regen/Repaired (Parts) 54 | . . . . . 54 Core Remaining (%) 91 | 100 . . . 82 . Volleys Fired 73 | . 31 . . 12 30 Largest 3 | . 2 . . 2 3 Hottest 175 | . 100 . . 100 175 Shots Fired 136 | . 59 1 . 20 56 Gun 130 | . 58 1 . 20 51 Cannon 5 | . . . . . 5 Launcher 1 | . 1 . . . . Special . | . . . . . . Kinetic . | . . . . . . Thermal 122 | . 58 1 . 18 45 Explosive 1 | . 1 . . . . Electromagnetic 13 | . . . . 2 11 Robot Hit Streak 6 | . 5 . . 6 5 Robot Miss Streak 4 | . 4 . . 2 3 Penetration Max . | . . . . . . Secondary Targets 2 | . 1 . . 1 . Max Gunslinging Chain 1 | . 1 . . 1 . Shots Hit Robots 71 | . 28 . . 14 29 Core Hits 43 | . 17 . . 8 18 Critical Kills . | . . . . . . Critical Parts Destroyed . | . . . . . . Critical Strikes 5 | . 2 . . 2 1 Burn 5 | . 2 . . 2 1 Melee Attacks . | . . . . . . Impact . | . . . . . . Slashing . | . . . . . . Piercing . | . . . . . . Sneak Attacks . | . . . . . . Combat Hostiles . | . . . . . . Follow-up Attacks . | . . . . . . Damage Inflicted 1936 | . 493 . . 219 1224 Guns 915 | . 335 . . 182 398 Cannons 14 | . . . . . 14 Explosions 959 | . 155 . . . 804 Melee . | . . . . . . Ramming 48 | . 3 . . 37 8 Kinetic . | . . . . . . Thermal 955 | . 335 . . 162 458 Explosive 155 | . 155 . . . . Electromagnetic 778 | . . . . 20 758 Impact . | . . . . . . Slashing . | . . . . . . Piercing . | . . . . . . Highest Corruption 13 | . 2 2 2 2 13 Average Corruption 2 | . 2 2 2 2 9 Corruption Purged . | . . . . . . Corruption Blocked . | . . . . . . Effects 27 | . 1 9 6 2 9 Message Errors 6 | . 1 . 3 1 1 Matter Fused 7 | . . 4 1 1 1 Heat Flow Errors 3 | . . 1 . . 2 Energy Discharges 6 | . . 3 1 . 2 Data Loss (minor) 2 | . . . 1 . 1 Misfires 1 | . . 1 . . . Weapon Failures 2 | . . . . . 2 Overload Shots . | . . . . . . Overflow Damage 37 | . 5 . . . 32 Projectiles . | . . . . . . Explosions 37 | . 5 . . . 32 Melee . | . . . . . . Knockbacks . | . . . . . . Impact . | . . . . . . Kinetic . | . . . . . . Secondary . | . . . . . . Self-Inflicted Damage . | . . . . . . Shots . | . . . . . . Rammed 7 | . 1 . . 4 2 Targets Rammed 10 | . 1 . . 7 2 Kicked . | . . . . . . Crushed 3 | . . . . 3 . Highest Temperature 536 | . 300 106 . 324 536 Average Temperature 147 | . 112 43 . 134 187 Received Heat Transfer 162 | . 36 . . 45 81 Effects 6 | . 1 . . . 5 Shutdowns 1 | . . . . . 1 Energy Bleed 2 | . 1 . . . 1 Interference 2 | . . . . . 2 Short Circuit 1 | . . . . . 1 Siege Activations . | . . . . . . Robots Corrupted . | . . . . . . Combat Hostiles . | . . . . . . Parts Fried 4 | . . . . . 4 Impact Corruptions . | . . . . . . Robots Melted . | . . . . . . Combat Hostiles . | . . . . . . Parts Melted 2 | . . . . 2 . Heat Transferred 2767 | . 1076 . . 629 1062 Parts Sabotaged . | . . . . . . Parts Stolen . | . . . . . . Parts Stripped . | . . . . . . Power Chain Reactions . | . . . . . . Missiles Intercepted . | . . . . . . Latent Energy Used 756 | . . . . . 756 LE Corruption 13 | . . . . . 13 Alert | -11 -10 -10 -10 -9 -8 ------- Run | Scr Mat Min Exi Min Mat Peak Influence 291 | . 276 107 . 79 291 Initial 97 | . . 97 . . 20 Average 91 | . 128 66 . 53 102 Maximum Alert Level 1 | . 1 . . . 1 Low Security (%) 91 | 100 84 100 . 100 82 Level 1 8 | . 15 . . . 17 Level 2 . | . . . . . . Level 3 . | . . . . . . Level 4 . | . . . . . . Level 5 . | . . . . . . High Security . | . . . . . . Max Security . | . . . . . . Squads Dispatched 4 | . 2 . . . 2 Investigation 1 | . 1 . . . . Extermination . | . . . . . . Reinforcement 3 | . 1 . . . 2 Assault . | . . . . . . Garrison . | . . . . . . Intercept . | . . . . . . Searches Triggered . | . . . . . . Construction Impeded . | . . . . . . Haulers Reinforced . | . . . . . . Active Scanning Responses . | . . . . . . Cargo Convoy Interrupts . | . . . . . . Stealth | -11 -10 -10 -10 -9 -8 --------- Run | Scr Mat Min Exi Min Mat Distress Signals 2 | . . . . . 2 Communications Jammed . | . . . . . . Distress Signals . | . . . . . . Times Spotted 49 | . 21 . . 11 17 Peak Tracking Total 8 | . 4 . . 8 6 Tactical Retreats 3 | . 3 . . . . Traps | -11 -10 -10 -10 -9 -8 ------- Run | Scr Mat Min Exi Min Mat Traps Triggered 2 | . 2 . . . . Indirectly . | . . . . . . Trap Hack Attempts . | . . . . . . Triggered . | . . . . . . Disarmed . | . . . . . . Reprogrammed . | . . . . . . Reused . | . . . . . . Traps Extracted . | . . . . . . Installed . | . . . . . . Triggered 1 | . . 1 . . . Exploded 1 | . . . 1 . . Machines | -11 -10 -10 -10 -9 -8 ---------- Run | Scr Mat Min Exi Min Mat Machines Disabled 6 | . . . . . 6 Max in Single Turn 3 | . . . . . 3 Machines Sabotaged . | . . . . . . Garrisons Compromised . | . . . . . . Overloaded Fab Kills . | . . . . . . Hacking | -11 -10 -10 -10 -9 -8 --------- Run | Scr Mat Min Exi Min Mat Machines Accessed 8 | . 4 . . . 4 Terminals 5 | . 3 . . . 2 Fabricators . | . . . . . . Repair Stations 2 | . . . . . 2 Recycling Units 1 | . 1 . . . . Scanalyzers . | . . . . . . Garrison Access . | . . . . . . Total Hacks 16 | . 8 . . . 8 Successful 11 | . 4 . . . 7 Failed 5 | . 4 . . . 1 Catastrophic . | . . . . . . Database Lockouts . | . . . . . . Manual 1 | . . . 1 . . Terminals 11 | . 7 . . . 4 Fabricators . | . . . . . . Repair Stations 4 | . . . . . 4 Recycling Units 1 | . 1 . . . . Scanalyzers . | . . . . . . Garrison Access . | . . . . . . Terminal Hacks 6 | . 3 . . . 3 Prototype ID Bank 1 | . . . . . 1 Branch Access Points 1 | . 1 . . . . Locate Traps 1 | . . . . . 1 Dispatch Records 1 | . 1 . . . . Transport Status 1 | . . . . . 1 Hauler Manifests 1 | . 1 . . . . Fabricator Hacks . | . . . . . . Repair Station Hacks 4 | . . . . . 4 Scan Component 3 | . . . . . 3 Repair 1 | . . . . . 1 Recycling Unit Hacks 1 | . 1 . . . . Report Inventory 1 | . 1 . . . . Scanalyzer . | . . . . . . Garrison Access Hacks . | . . . . . . Unauthorized Hacks . | . . . . . . Terminals . | . . . . . . Fabricators . | . . . . . . Repair Stations . | . . . . . . Recycling Units . | . . . . . . Scanalyzers . | . . . . . . Garrison Access . | . . . . . . Data Cores Recovered . | . . . . . . Used . | . . . . . . Hacking Detections 5 | . 3 . . . 2 Full Trace Events . | . . . . . . Feedback Events . | . . . . . . Feedback Blocked . | . . . . . . Robot Schematics Acquired . | . . . . . . Robots Built . | . . . . . . Authchips . | . . . . . . Time . | . . . . . . Total Robot Build Rating . | . . . . . . Part Schematics Acquired . | . . . . . . Parts Built . | . . . . . . Authchips . | . . . . . . Time . | . . . . . . Total Part Build Rating . | . . . . . . Parts Repaired 1 | . . . . . 1 Time 26 | . . . . . 26 Parts Recycled . | . . . . . . Recycled Matter . | . . . . . . Retrieved Matter . | . . . . . . Retrieved Components . | . . . . . . Parts Scanalyzed . | . . . . . . Part Schematics Acquired . | . . . . . . Parts Damaged . | . . . . . . Bothacking | -11 -10 -10 -10 -9 -8 ------------ Run | Scr Mat Min Exi Min Mat Used RIF Installer . | . . . . . . Robots Hacked . | . . . . . . Non-combat . | . . . . . . Combat . | . . . . . . Robot Hacks Applied . | . . . . . . Relay Couplers Released . | . . . . . . Fabnet Peak Effective % . | . . . . . . Robots Rewired . | . . . . . . Allies Hacked . | . . . . . . Hacks Repelled . | . . . . . . Allies | -11 -10 -10 -10 -9 -8 -------- Run | Scr Mat Min Exi Min Mat Total Allies 3 | . . 3 . . . Largest Group 3 | . . 3 3 3 2 Highest-Rated Group 40 | . . 40 40 40 32 Highest-Rated Ally 16 | . . 16 16 16 16 Total Orders . | . . . . . . Ally Attacks 32 | . . . . 16 16 Total Damage 319 | . . . . 172 147 Kills 8 | . . . . 5 3 Allies Corrupted . | . . . . . . Allies Melted . | . . . . . . Intel | -11 -10 -10 -10 -9 -8 ------- Run | Scr Mat Min Exi Min Mat Robot Analysis Total . | . . . . . . Derelict Logs Recovered 3 | . . 2 . 1 . Drone Launches . | . . . . . . Drone Recoveries . | . . . . . . Exploration | -11 -10 -10 -10 -9 -8 ------------- Run | Scr Mat Min Exi Min Mat Turns Passed 2731 | 53 747 618 428 370 515 Spaces Moved 1487 | 33 377 387 262 200 228 Core 10 | 10 . . . . . Treads 1477 | 23 377 387 262 200 228 Legs . | . . . . . . Wheels . | . . . . . . Hover . | . . . . . . Flight . | . . . . . . Fastest Speed 50 | 50 160 160 160 160 160 Average Speed 160 | 128 160 160 160 160 167 Slowest Speed 240 | 160 160 160 160 160 240 Overloaded Moves . | . . . . . . Propulsion Burnouts . | . . . . . . Robots Hopped . | . . . . . . Cave-ins Triggered . | . . . . . . Exploration Rate (%) 52 | 2 65 81 67 67 32 Regions Visited 5 Branch Regions 3 Pre-discovered Areas . | . . . . . . Known Exits Taken 1 | . 1 . . . . Unknown Exits Taken 4 | 1 . 1 1 1 . Scrap Searched 3 | . . 1 . 2 . Spaces Dug . | . . . . . . Terrain Destroyed 100 | . 9 . . . 91 Melee . | . . . . . . Projectile . | . . . . . . AOE 100 | . 9 . . . 91 Terrain Rammed . | . . . . . . Walls Destroyed . | . . . . . . Machines Disabled . | . . . . . . Actions | -11 -10 -10 -10 -9 -8 --------- Run | Scr Mat Min Exi Min Mat Total 1692 | 41 462 386 271 226 306 Wait 54 | 1 23 . . . 30 Move 1482 | 32 376 386 261 199 228 Hop . | . . . . . . Pick Up 23 | 2 13 . 1 1 6 Fast Attach 20 | 6 5 . 4 2 3 Attach 9 | . 1 . . 3 5 Detach 2 | . . . . 1 1 Swap 3 | . 3 . . . . Drop 16 | . 9 . 5 1 1 Fire 73 | . 31 . . 12 30 Melee . | . . . . . . Ram . | . . . . . . Kick . | . . . . . . Crush 10 | . 1 . . 7 2 Escape Stasis . | . . . . . . Rewire . | . . . . . . Trap . | . . . . . . Miscellaneous . | . . . . . . Route ------- -11/Scrapyard -10/Materials (discovered 2 exits: [*Mat] / *Min) -10/Mines (discovered 3 exits: [*Mat x2] / *Exi) -10/Exiles (discovered 2 exits: [*Min x2]) -9/Mines -8/Materials (discovered 1 exit: *Fac) History --------- Turn | Location | Event 8 | -11/Scrapyard | Discovered new exit (range 16) 54 | -11/Scrapyard | Entered Materials 152 | -10/Materials | Identified exit to Mines 314 | -10/Materials | Build established: Mutant 526 | -10/Materials | Discovered new exit (range 7) 801 | -10/Materials | Entered Mines 864 | -10/Mines | Learned Materials trap positions 999 | -10/Mines | YI-UF0 nonchalantly dropped a Grenade Launcher on the ground 1017 | -10/Mines | Discovered new exit (range 15) 1149 | -10/Mines | Assisted by bots powering up and referring to "LRC-V3" 1256 | -10/Mines | Learned Materials stockpile data 1398 | -10/Mines | Discovered new exit (range 11) 1409 | -10/Mines | Deemed a non-threat by the Exiles lab entrance 1409 | -10/Mines | Discovered new exit (range 5) 1419 | -10/Mines | Entered Exiles 1419 | -10/Exiles | Accompanied by 3 allies 1453 | -10/Exiles | Discovered new exit (range 15) 1485 | -10/Exiles | Met 8R-AWN 1509 | -10/Exiles | Met EX-HEX 1554 | -10/Exiles | Met EX-BIN 1575 | -10/Exiles | Aligned with FarCom system 1576 | -10/Exiles | Given EX-Vault access code 1613 | -10/Exiles | Opened EX-Vault 1623 | -10/Exiles | Found Prototype Energy Cannon 1623 | -10/Exiles | Identified Latent Energy Streamer 1631 | -10/Exiles | Found Prototype Energy Cannon 1631 | -10/Exiles | Identified YOLO Cannon 1682 | -10/Exiles | Warned to stay clear of 0b10 Research branches 1688 | -10/Exiles | Exiles lab attacked by MAIN.C 1824 | -10/Exiles | Discovered new exit (range 14) 1847 | -10/Exiles | Left Exiles lab with Latent Energy Streamer 1847 | -10/Exiles | Entered Mines 1847 | -9/Mines | Accompanied by 3 allies 1895 | -9/Mines | Learned 4 Materials zone layouts 1940 | -9/Mines | Assembled infested the area 1945 | -9/Mines | Assisted by a Guerilla fighting off Assembled 2002 | -9/Mines | Lost 3 parts (1u2w) 2060 | -9/Mines | Received a Rocket Launcher from a helpful Derelict 2206 | -9/Mines | Discovered new exit (range 8) 2217 | -9/Mines | Entered Materials 2217 | -8/Materials | Accompanied by 2 allies 2217 | -8/Materials | Evolved 4 slots: Utility x2, Weapon x2 2218 | -8/Materials | Identified exit to Factory 2219 | -8/Materials | Loaded intel: 26 trap records 2378 | -8/Materials | Repaired Med. Laser 2708 | -8/Materials | System corruption reached 10% 2732 | -8/Materials | Self-destructed Last Messages --------------- 02718_ Overheating: Energy bleed (-9). 02718_ H-61 Shepherd calls for reinforcements. 02718_ ALERT: Suspicious intruders detected, dispatching Specialist reinforcements to area. 02718_ Lightning Gun destroyed. 02719_ Critical hit (Burn: +37). 02721_ G-47 Trooper destroyed. 02724_ Imp. Treads destroyed. 02724_ Critical hit (Blast). 02725_ System corrupted: Energy discharge (-34). 02726_ Penetrated by Slug. 02726_ Mak. Power Source blasted off. 02727_ U-05 Engineer builds a Wall. 02728_ Imp. Light Armor Plating destroyed. 02728_ Critical hit (Blast). 02729_ Overheating: System interference. 02729_ Particle Gun temporarily disabled. 02730_ Imp. Treads broken. 02730_ Overheating: Short circuit. 02730_ Med. Armor Plating destroyed. Map ----- +----------------------------------------------------+ | []] Y"#????????# #?????????????????????????? | | ]] ""#????????# ###???????????????????????? | | ]] ###????????# ???????????????????????? | | ###????????# ???????????????????????? | | # #????????# ???????????????????????? | | ###"# # #????????# ???????????????????????? | | #%! # #????????# ""???????????????????????? | | ]] #= " #????????# ""???????????????????????? | | ] + # #????????# ""???????????????????????? | | ] #% ###????????# ???????????????????????? | | # ##?????????# ???????????????????????? | | # #??????????# ###???????????????????????? | | ## ## #??????????# #?#???????????????????????? | | ?#### #??????????# #?#????????x??????????????? | | ????# #??????????# #?#???????????????????????? | | ????# #??????????# #?#???????????????????????? | | ?#### #??????????# #?#???????????????????????? | | ? # #??????????# g#?#???????????????????????? | | ? # #??????????# #?????????????????????????? | | ? # #??????????# #?????????????????????????? | | ? # #?########?# #?????????????????????????? | | ????# #?#! !![[#?# #????????# """ + | | ????# #?# !![[#?# #????????# """ #######+# | | ????# #?# ###=! ##?####### #?# | | ????# #?### ##;%= #### # """ #?# | | ##### ##### ^^w *== % @ # """ #?# | | ^^ u T # """ #?# """ | | ############# ^^ % ! # #?# """ | | ????????????####/#####;;;;;==% ##########?# """ | | ?????????????? ? ;;;;;;*%*H###########?####### | | ???????????? ; ! #???????? | | ???????????# ; ; #???????? | | ???????????# ; #???????? | | ???????????# ; #???????? | | ???????????# < ; #???????? | | ???????????# ; " """ #???????? | | ???????????# ;;# "" """ #???????? | | ???????????########; # """ """ #???????? | | ??????????????????# ; ;##############???????? | | ?????????????????????; ;#????????????????????? | | ??????????????????????? ;?????????????????????? | | ?????????????????????????? #?????????????????????? | | ??????????????????????????##?????????????????????? | | ?????????????????????????????????????????????????? | | ?????????????????????????????????????????????????? | | ?????????????????????????????????????????????????? | | | | | | | | | +----------------------------------------------------+ Best States ------------- Heat Dissipation 31 Energy Generation 15 Energy Capacity 420 Matter Stores 300 Matter Capacity 300 Sight Range 16 Terrain Scan Density 10 Armor Coverage 375 Evasion (%) 50 Recoil Reduction 2 Item Schematics ----------------- None Robot Schematics ------------------ None Fabricated ------------ Nothing Alien Tech Used ----------------- None Achievements -------------- None Challenges ------------ None Game ------ Seed DroneTeslaDiverter Manual? 0 Play Time 00:34:23 Cumulative 25.0 hours Start 2022.04.05 @ 13:55:55 End 2022.04.05 @ 14:34:50 Sessions 1 Manual Loads 0 Difficulty Rogue Special Mode None Game No. 22 Rogue 22 Adventurer 0 Explorer 0 Win Type - Total 0 Types 0/0/0/0/0/0/0/0/0 Lore% 25 Gallery% 23 Achievement% 19 Wizard Run 0 Options --------- ASCII 0 Keyboard 0 Movement Mouse Keybinds 0 Fullscreen 2 Font 18/SmallcapsGlow Map View 76x50 Tactical HUD 1 Map Filters NONE Filters NONE Steam 1 RUN: 14ef7b3e-8c4f-41e6-9b74-0a8afa381a54